 Dungeon Crawl Stone Soup version 0.28-a0-938-gbc3f381ebc (webtiles) character file.

Game seed: 11644720704253800207

245 lunkers the Ruffian (level 5, 0/54 HPs)
             Began as a Troll Cinder Acolyte on Nov 29, 2021.
             Was a High Priest of Ignis.
             Slain by an orc wizard (2 damage)
             ... on level 3 of the Dungeon.
             The game lasted 00:03:34 (1911 turns).

lunkers the Ruffian (Troll Cinder Acolyte)          Turns: 1911, Time: 00:03:35

Health: 0/54       AC:  4    Str: 22    XL:     5   Next: 83%
Magic:  5/5        EV:  9    Int: 10    God:    Ignis [*****.]
Gold:   44         SH:  0    Dex:  6    Spells: 6/6 levels left

rFire   + . .      SeeInvis .     - Unarmed
rCold   . . .      Faith    .   (no shield)
rNeg    . . .      Spirit   .   a - +0 robe
rPois   .          Reflect  .   (helmet restricted)
rElec   .          Harm     .   (no cloak)
rCorr   +          Rampage  .   (gloves unavailable)
Will    .....                   (boots unavailable)
Stlth   +.........              (no amulet)
HPRegen 0.98/turn               f - ring of resist corrosion
MPRegen 0.09/turn               (no ring)

@: flying, hasted, very quick
A: large, unfitting armour, claws 3, regeneration 1, shaggy fur 1, tough skin 1
a: Renounce Religion, Fiery Armour, Foxfire Swarm, Rising Flame


You were on level 3 of the Dungeon.
You worshipped Ignis.
Ignis was extremely pleased with you.
You visited 1 branch of the dungeon, and saw 3 of its levels.

You collected 44 gold pieces.

Inventory:

Missiles
 h - 124 stones (quivered)
 i - 4 boomerangs
Armour
 a - a +0 robe (worn)
Jewellery
 f - a ring of resist corrosion (left claw)
Scrolls
 b - a scroll of acquirement {unknown}
 c - a scroll of identify {unknown}
 g - a scroll of torment {unknown}
 k - a scroll of teleportation {unknown}
Potions
 e - a potion of flight


   Skills:
 + Level 3.7 Fighting
 * Level 5.7 Unarmed Combat
 - Level 1.0 Spellcasting
 - Level 2.1 Fire Magic


You had 6 spell levels left.
You didn't know any spells.
Your spell library contained the following spells:

 Spells                   Type           Power      Damage    Failure   Level
 Scorch                   Fire           8%         2d5       22%         2
 Corpse Rot               Necr/Air       0%         N/A       45%         2
 Poisonous Vapours        Pois/Air       0%         N/A       45%         2
 Flame Wave               Conj/Fire      2%         2d4       91%         4
 Iskenderun's Battlesphe  Conj           0%         2d6       100%        5
 Iron Shot                Conj/Erth      0%         9d1       100%        6
 Summon Cactus Giant      Summ           0%         N/A       100%        6
 Spellforged Servitor     Conj/Summ      0%         N/A       100%        7


Dungeon Overview and Level Annotations

Branches:
Dungeon (3/15)

Altars:


Innate Abilities, Weirdness & Mutations

You are too large for most types of armour.
You have claws for hands.
Your natural rate of healing is unusually fast.
You are covered in fur. (AC +1)
You have tough skin. (AC +1)


Message History

* * * LOW HITPOINT WARNING * * *
You claw the orc wizard!
The orc wizard is almost dead.
You feel sick.
The orc wizard hits you but does no damage.
You are more poisoned.
You scratch the orc wizard.
You kill the orc wizard!
You feel sick.
You feel sick. The orc barely misses you.
Jessica grins evilly.
Something hits you but does no damage.
You claw the orc!
You kill the orc!
You feel sick.
You feel sick. Jessica closely misses you. Jessica barely misses you.
Things that are here:
a +0 short sword; a +0 leather armour; an orc corpse You barely miss Jessica.
Something hits you.
* * * LOW HITPOINT WARNING * * *
You barely miss Jessica.
You feel sick. Jessica closely misses you.
You closely miss Jessica.
You feel sick.
Jessica hits you with a +2 dagger of speed.
* * * LOW HITPOINT WARNING * * *
Something hits you.
* * * LOW HITPOINT WARNING * * *
You claw Jessica!
You kill Jessica!
* * * LOW HITPOINT WARNING * * *
You feel sick.
Things that are here:
a +2 dagger of speed; a +0 robe; the human corpse of Jessica
Okay, then.
You miss something. Something hits you but does no damage.
You scratch something.
* * * LOW HITPOINT WARNING * * *
You feel sick.
You are no longer poisoned.
You claw something! Something hits you.
You die...

#.....##
#.###.########
# #.........#
#..##.###.#
#.....# #.#
#.###.###♣#♣#♣#
#. #..........
#.#####)#♣#♣#♣.
#.#.@{.[#
#....####
#..P...
#...P...
#(.......
#.......##
#.......#
#.......#


There were no monsters in sight!

Vanquished Creatures
  A scorpion (D:3)
  An orc priest (D:3)
  Jessica (D:3)
  2 orc wizards (D:3)
  3 adders
  A worm (D:3)
  A dart slug (D:1)
  2 orcs (D:3)
  6 bats
  2 endoplasms
  2 giant cockroaches (D:1)
  9 goblins
  2 hobgoblins
  A quokka (D:2)
  A ball python (D:1)
  5 frilled lizards
  8 kobolds
  2 rats
50 creatures vanquished.

Notes
Turn   | Place    | Note
-------+----------+-------------------------------------------
     0 | D:1      | lunkers the Troll Cinder Acolyte began the quest for the
                  | Orb.
     0 | D:1      | Reached XP level 1. HP: 22/22 MP: 1/1
   145 | D:1      | Reached XP level 2. HP: 29/29 MP: 2/2
   735 | D:1      | Reached XP level 3. HP: 35/36 MP: 3/3
   814 | D:2      | Reached skill level 4 in Unarmed Combat
  1472 | D:3      | Reached XP level 4. HP: 38/45 MP: 4/4
  1533 | D:3      | Noticed a scorpion
  1546 | D:3      | Killed a scorpion
  1626 | D:3      | Reached skill level 5 in Unarmed Combat
  1641 | D:3      | Reached XP level 5. HP: 53/53 MP: 5/5
  1886 | D:3      | Noticed Jessica
  1906 | D:3      | HP: 1/53 [something (3)]
  1907 | D:3      | Killed Jessica
  1911 | D:3      | Slain by an orc wizard

Illustrated notes

Levels and vault maps discovered:
D:1:      onia_arrival_pyramid, layout_loops_ring, serial_rivers,
          chequers_serial_rivers_marsh, chequers_serial_rivers_micro_a,
          chequers_serial_rivers_room_b, chequers_serial_rivers_room_b,
          chequers_serial_rivers_room_a, chequers_serial_rivers_micro_d,
          minmay_pentomino_x2
D:2:      layout_basic
D:3:      kennysheep_big_flooded_room, layout_loops_ring,
          shapermc_ecumenical_altar_totnotflames, serial_forest,
          infiniplex_forest_clump_tiny, infiniplex_forest_lined_room_,
          infiniplex_forest_clump_tiny, infiniplex_forest_lined_1,
          infiniplex_forest_corner_2, infiniplex_forest_join, glass_columns_a,
          uniq_jessica

Skill      XL: |  1  2  3  4 |
---------------+-------------+-----
Unarmed Combat | 4 5 |  5.7
Fighting       | 3 |  3.7
Spellcasting   | |  1.0
Fire Magic     | |  2.1

Action                   |  1- 3 |  4- 6 || total
-------------------------+-------+-------++-------
Melee: Unarmed           |    88 |    73 ||   161
       Punch             |     2 |       ||     2
Throw: Stone             |    11 |     6 ||    17
  Use: Potion            |       |     3 ||     3
Armor: Robe              |    37 |    16 ||    53
Dodge: Dodged            |    39 |    23 ||    62

Table legend: (Time is in decaauts)
 A = Elapsed time spent in this place.
 B = Non-inter-level travel time spent in this place.
 C = Inter-level travel time spent in this place.
 D = Time resting spent in this place.
 E = Time spent auto-exploring this place.
 F = Levels seen in this place.
 G = Mean time per level.
                   A        B        C        D        E       F      G
               +--------+--------+--------+--------+--------+-----+--------+
         Total |   1902 |   1849 |     53 |      0 |   1490 |   3 |  634.0 |
       Dungeon |   1902 |   1849 |     53 |      0 |   1490 |   3 |  634.0 |
               +--------+--------+--------+--------+--------+-----+--------+

Top non-repeatable levels by time:
     D:1: 791 daAuts
     D:2: 675 daAuts
     D:3: 434 daAuts
